 Dungeon Crawl Stone Soup version 0.23-a0-619-g281719c (webtiles) character file.

520 Zorba the Gusty (level 7, 0/36 HPs)
             Began as a Tengu Air Elementalist on Dec 22, 2018.
             Was a Follower of Makhleb.
             Slain by a hippogriff (3 damage)
             ... on level 4 of the Dungeon.
             The game lasted 00:18:47 (4959 turns).

Zorba the Gusty (Tengu Air Elementalist)            Turns: 4959, Time: 00:18:48

Health: 0/36       AC:  5    Str: 11    XL:     7   Next: 21%
Magic:  7/12       EV: 11    Int: 15    God:    Makhleb [*.....]
Gold:   65         SH:  0    Dex: 14    Spells: 2/12 levels left

rFire    . . .     SeeInvis .   s - +0 spear
rCold    . . .     Gourm    .   (no shield)
rNeg     . . .     Faith    .   p - +0 ring mail (curse)
rPois    .         Spirit   .   (helmet restricted)
rElec    .         Reflect  .   (no cloak)
rCorr    .         Harm     .   (no gloves)
MR       .....                  (boots unavailable)
Stlth    +.........             (no amulet)
HPRegen  0.12/turn              q - ring of flight
MPRegen  0.13/turn              (no ring)

@: swift, very slightly contaminated, very quick
A: beak, talons 3, able to fly 1
a: Fly, Renounce Religion, Evoke Flight


You were on level 4 of the Dungeon.
You worshipped Makhleb.
Makhleb was aware of your devotion.
You were not hungry.

You visited 1 branch of the dungeon, and saw 5 of its levels.

You collected 114 gold pieces.
You spent 49 gold pieces at shops.

Inventory:

Hand Weapons
 m - a +0 short sword
 s - a +0 spear (weapon)
 y - a +0 blowgun
 E - a +0 morningstar of holy wrath
Missiles
 f - 107 stones
 l - 2 throwing nets (quivered)
 n - 70 sling bullets
 z - 44 poisoned needles
Armour
 a - a +0 robe
 p - a cursed +0 ring mail (worn)
 x - a +2 buckler
 D - the +1 robe "Lanahex" {*Corrode Regen+ Str+4 Int+2}
   (You took it off an orc on level 4 of the Dungeon)

   It affects your strength (+4).
   It affects your intelligence (+2).
   It increases your rate of regeneration.
   It may corrode you when you take damage.
Jewellery
 q - a ring of flight (left hand)
Wands
 F - a wand of iceblast (9)
Scrolls
 g - a scroll of blinking {unknown}
 i - 3 scrolls of remove curse
 j - 3 scrolls of fog
 k - 6 scrolls of fear
 w - a scroll of enchant armour {unknown}
 A - a scroll of amnesia {unknown}
 B - 2 scrolls of teleportation {unknown}
 C - a scroll of magic mapping
Potions
 b - a potion of mutation {unknown}
 e - a potion of invisibility {unknown}
 h - 3 potions of curing
 o - a potion of ambrosia {unknown}
 r - 2 potions of cancellation
 t - a potion of might {unknown}
 u - 4 potions of heal wounds
 v - a potion of haste {unknown}
Comestibles
 c - 11 rations
 d - 3 chunks of flesh


   Skills:
 + Level 0.2 Fighting
 * Level 3.8 Armour
 - Level 2.3 Dodging
 - Level 2.0 Stealth
 + Level 3.2 Spellcasting
 * Level 4.6 Conjurations
 + Level 6.9 Air Magic


You had 2 spell levels left.
You knew the following spells:

 Your Spells              Type           Power        Failure   Level  Hunger
a - Shock                 Conj/Air       ###.         4%          1    #......
b - Swiftness             Chrm/Air       ##......     16%         2    ##.....
c - Static Discharge      Conj/Air       ###.....     12%         3    ###....
d - Airstrike             Air            ###.......   26%         4    #####..

Your spell library contained the following spells:

 Spells                   Type           Power        Failure   Level  Hunger
 Lightning Bolt           Conj/Air       ###.......   75%         5    ######.


Dungeon Overview and Level Annotations

Branches:
Dungeon (5/15)
 Temple: D:4-7

Altars:
Ashenzari
Dithmenos
Makhleb
Qazlal

Shops:
D:4 ?

Annotations:
D:2 1 runed door
D:4 exclusion: 2 downstairs
D:5 Duvessa


Innate Abilities, Weirdness & Mutations

You have a beak for a mouth.
You have claws for feet.
You can fly.


Message History

The centaur shoots an arrow.
The arrow hits you! The hippogriff bites you. The hippogriff pecks you.
The hippogriff barely misses you.
You climb upwards.
Level annotation: exclusion: 2 downstairs
There is a stone staircase leading down here.
Things that are here:
12 arrows; a leather armour
Casting: Shock (safe; 4% risk of failure)
Confirm with . or Enter, or press ? or * to list all spells.
You miscast Swiftness.
You are very lightly contaminated with residual magic.
Nothing appears to happen.
The hippogriff barely misses you.
The hippogriff pecks you but does no damage.
The hippogriff claws you.
Casting: Swiftness (safe; 16% risk of failure)
Confirm with . or Enter, or press ? or * to list all spells.
You feel quick. The hippogriff bites you!
* * * LOW HITPOINT WARNING * * *
The hippogriff pecks you.
You die...

.....# #.# ##### .....# ##.##
#....
.###.##########<..###########.###
..............................#
####.##########>..########.####
#.# ##.## #.# ####.# #(# #.#
#....# #.###### #.# #.####
#@.....# #.# #.# #H####.## #.#
#.# #.......# #.# #.# #.####..#
#.# #.# #.# #..# #.# #.#
#.####..###.# #.#
#...........###### #.#
#.####..####...... #.# #.#
#.......#####


You could see a hippogriff.

Vanquished Creatures
  A phantom (D:5)
  2 ogres
  A howler monkey (D:5)
  2 hounds
  A jelly (D:5)
  A worker ant (D:4)
  5 adders
  An adder skeleton (D:4)
  2 worms
  A dart slug (D:1)
  13 orcs
  7 bats
  3 giant cockroaches
  2 goblins
  3 hobgoblins
  A quokka (D:2)
  4 frilled lizards
  8 kobolds
  4 rats
62 creatures vanquished.

Notes
Turn   | Place    | Note
-------+----------+-------------------------------------------
     0 | D:1      | Zorba the Tengu Air Elementalist began the quest for the
                  | Orb.
     0 | D:1      | Reached XP level 1. HP: 10/10 MP: 4/4
   375 | D:1      | Reached XP level 2. HP: 15/15 MP: 1/6
   753 | D:2      | Found a shattered altar of Ashenzari.
   797 | D:2      | Reached XP level 3. HP: 19/19 MP: 0/7
   886 | D:2      | Found a runed door.
   940 | D:2      | Learned a level 2 spell: Swiftness
   944 | D:2      | Learned a level 3 spell: Static Discharge
  1831 | D:2      | Found a burning altar of Makhleb.
  1854 | D:2      | Noticed a cacodemon
  1858 | D:2      | Noticed a ynoxinul
  1858 | D:2      | Noticed a hellwing
  1860 | D:2      | Became a worshipper of Makhleb the Destroyer
  2423 | D:3      | Reached skill level 5 in Air Magic
  2477 | D:3      | Found a shadowy altar of Dithmenos.
  2481 | D:3      | Found a stormy altar of Qazlal.
  2774 | D:4      | Reached XP level 4. HP: 19/24 MP: 2/8
  3029 | D:4      | Identified the +1 robe "Lanahex" {*Corrode Regen+ Str+4
                  | Int+2}
  3176 | D:4      | Reached skill level 1 in Armour
  3364 | D:4      | Gained mutation: You can fly. [Tengu growth]
  3364 | D:4      | Reached XP level 5. HP: 24/28 MP: 3/10
  3587 | D:4      | Found Eseok's Magic Scroll Boutique.
  3590 | D:4      | Bought a scroll of magic mapping for 49 gold pieces
  3907 | D:4      | Noticed an ogre
  3925 | D:4      | Killed an ogre
  4018 | D:4      | Reached XP level 6. HP: 32/32 MP: 5/11
  4116 | D:5      | Entered Level 5 of the Dungeon
  4149 | D:5      | Reached skill level 6 in Air Magic
  4409 | D:4      | Learned a level 4 spell: Airstrike
  4681 | D:5      | Reached * piety under Makhleb
  4718 | D:5      | Noticed a phantom
  4746 | D:5      | Killed a phantom
  4746 | D:5      | Reached XP level 7. HP: 34/36 MP: 0/12
  4816 | D:5      | Noticed Duvessa
  4937 | D:5      | Noticed a hippogriff
  4959 | D:4      | Slain by a hippogriff

Vault maps used:
D:1:      dpeg_arrival_rooms_c
D:2:      evilmike_ruin_ashenzari, small_statue_intersection,
          makhleb_altar_promises_db, uniq_crazy_yiuf_cottage
D:3:      grunt_temple_overflow_open, minmay_goblin_kobold_house
D:4:      first_ration, serial_shops, kennysheep_mini, minivault_24,
          kennysheep_opposing_triangles
D:5:      uniq_duvessa, uniq_ijyb, uniq_pikel

Skill      XL: |  1  2  3  4  5  6 |
---------------+-------------------+-----
Conjurations   | 2 3 4 |  4.6
Air Magic      | 5 6 |  6.9
Armour         | 1 2 3 |  3.8
Spellcasting   | 3 |  3.2
Fighting       | |  0.2
Dodging        | |  2.3
Stealth        | |  2.0

Action                   |  1- 3 |  4- 6 |  7- 9 || total
-------------------------+-------+-------+-------++-------
Melee: Unarmed           |     7 |       |       ||     7
       Peck              |     3 |       |     1 ||     4
       Kick              |     1 |     1 |       ||     2
       Spear             |       |     2 |     4 ||     6
 Cast: Shock             |    69 |    90 |    10 ||   169
       Swiftness         |       |       |     1 ||     1
  Use: Scroll            |       |     7 |       ||     7
  Eat: Chunk             |     6 |     7 |     1 ||    14
Armor: Robe              |     3 |       |       ||     3
       Ring mail         |     3 |     6 |     4 ||    13
Dodge: Dodged            |    21 |    21 |     6 ||    48

Table legend:
 A = Non-vault XP
 B = Vault XP
 C = Vault XP percentage of total XP
 D = Non-vault monster count
 E = Vault monster count
 F = Vault count percentage of total count
                 A         B        C        D         E       F
            +---------+---------+-------+---------+---------+-------
      Total |     723 |      21 |   2.8 |      54 |       8 |  12.9
            +---------+---------+-------+---------+---------+-------
        D:1 |      15 |       0 |   0.0 |       9 |       0 |   0.0
        D:2 |      40 |       0 |   0.0 |      16 |       0 |   0.0
        D:3 |      18 |       8 |  30.8 |       4 |       5 |  55.6
        D:4 |     256 |      13 |   4.8 |      14 |       3 |  17.6
        D:5 |     394 |       0 |   0.0 |      11 |       0 |   0.0
            +---------+---------+-------+---------+---------+-------
